 Dungeon Crawl Stone Soup version 0.17-a0-1078-g243345b (webtiles) character file.

1421 inmateoo the Sneak (level 8, -3/37 HPs)
             Began as a Felid Fire Elementalist on May 18, 2015.
             Was a Priest of Makhleb.
             Slain by a hippogriff (4 damage)
             ... on level 7 of the Dungeon.
             The game lasted 00:20:59 (7962 turns).

inmateoo the Sneak (Felid Fire Elementalist)        Turns: 7962, Time: 00:21:00

Health: -3/37      AC:  2    Str:  4    XL:     8   Next: 44%
Magic:  5/14       EV: 24    Int: 19    God:    Makhleb [***...]
Gold:   361        SH:  0    Dex: 16    Spells: 5 memorised, 3 levels left
                                        Lives:  0   Deaths: 2

rFire  . . .     SeeInvis +       - Unarmed
rCold  . . .     Clarity  .     (armour unavailable)
rNeg   . . .     SustAb   .     (shield unavailable)
rPois  .         Gourm    .     (helmet unavailable)
rElec  .         Spirit   .     (cloak unavailable)
rCorr  .         Warding  .     (gloves unavailable)
rMut   .         Stasis   .     (boots unavailable)
MR     +....                    (no amulet)
Stlth  ++++......               w - ring of teleport control
                                o - +3 ring of evasion

@: appendage (expiring), very slightly contaminated, quick, somewhat resistant
to hostile enchantments, stealthy
A: no armour, no weapons or thrown items, claws 1, fangs 3, horns 2, see
invisible, carnivore 3, speed 1, robust 1, shaggy fur 2, slow metabolism 1,
sharp paws
a: End Transformation, Minor Destruction, Lesser Servant of Makhleb, Renounce
Religion, Evoke Teleport Control


You were on level 7 of the Dungeon.
You worshipped Makhleb.
Makhleb was most pleased with you.
You were not hungry.
You had grown temporary horns.
You visited 2 branches of the dungeon, and saw 8 of its levels.
You also visited: Ossuary.

You collected 361 gold pieces.

Inventory:

Jewellery
 h - an uncursed ring of flight
 o - a +3 ring of evasion (left paw)
 w - a ring of teleport control (right paw)
Magical devices
 e - a wand of polymorph (0)
 i - a wand of paralysis (0)
 j - a wand of polymorph (0)
 m - a wand of magic darts (0)
Scrolls
 c - 2 scrolls of magic mapping
 d - 3 scrolls of remove curse
 n - 3 scrolls of teleportation
 r - 2 scrolls of recharging
 u - a scroll of amnesia
 y - a scroll of identify
Potions
 l - a potion of cure mutation
 p - a potion of agility
 s - 3 potions of flight
 t - 2 potions of might {unknown}
 v - 2 potions of poison {unknown}
 z - 2 potions of brilliance
 A - 2 potions of lignification
Books
 a - a book of Flames

   Spells                             Type                      Level
   a - Flame Tongue                   Conjuration/Fire             1
   b - Throw Flame                    Conjuration/Fire             2
   c - Conjure Flame                  Conjuration/Fire             3
   d - Inner Flame                    Hexes/Fire                   3
   e - Sticky Flame                   Conjuration/Fire             4
   f - Fireball                       Conjuration/Fire             5
 f - a book of Changes

   Spells                             Type                      Level
   a - Beastly Appendage              Transmutation                1
   b - Sticks to Snakes               Transmutation                2
   c - Spider Form                    Transmutation/Poison         3
   d - Ice Form                       Ice/Transmutation            4
   e - Blade Hands                    Transmutation                5
 q - a book of Conjurations

   Spells                             Type                      Level
   a - Magic Dart                     Conjuration                  1
   b - Searing Ray                    Conjuration                  2
   c - Dazzling Spray                 Conjuration/Hexes            3
   d - Fulminant Prism                Conjuration/Hexes            4
   e - Iskenderun's Mystic Blast      Conjuration                  4
   f - Iskenderun's Battlesphere      Conjuration/Charms           5
Comestibles
 b - 3 meat rations
 g - a royal jelly
 k - 4 beef jerkies
 x - a slice of pizza


   Skills:
 + Level 3.5 Fighting
 + Level 6.0 Dodging
 + Level 6.1 Stealth
 + Level 3.3 Unarmed Combat
 + Level 3.8 Spellcasting
 + Level 3.4 Conjurations
 * Level 5.0 Transmutations
 * Level 5.7 Fire Magic


You had 3 spell levels left.
You knew the following spells:

 Your Spells              Type           Power        Failure   Level  Hunger
a - Flame Tongue          Conj/Fire      ###..        1%          1    None
b - Throw Flame           Conj/Fire      ###...       3%          2    ##.....
c - Conjure Flame         Conj/Fire      ###.....     8%          3    ###....
d - Beastly Appendage     Trmt           ###...       1%          1    None
e - Sticky Flame          Conj/Fire      ###.....     21%         4    ####...


Dungeon Overview and Level Annotations

Branches:
Dungeon (7/15)             Temple (1/1) D:5

Altars:
Cheibriados
Dithmenos
Elyvilon
Gozag
Kikubaaqudgha
Makhleb
Nemelex Xobeh
Okawaru
Ru
Sif Muna
Trog
Vehumet
Xom
Zin
The Shining One


Innate Abilities, Weirdness & Mutations

You cannot wear armour.
You are incapable of wielding weapons or throwing items.
You have sharp claws.
You have razor-sharp teeth.
You have supernaturally acute eyesight.
You are carnivorous and can eat meat at any time.
You cover ground quickly.
You are covered in thick fur (AC +2).
You have a slow metabolism.
Your sharp claws are effective at attacking unaware monsters.
You have a pair of horns on your head.
You are robust (+10% HP).


Message History

The hippogriff burns!
The hippogriff bites you! The hippogriff pecks you.
* * * LOW HITPOINT WARNING * * *
The hippogriff completely misses you.
You scratch the hippogriff.
The hippogriff begins to bleed from its wounds!
The hippogriff is heavily wounded.
The hippogriff burns!
The hippogriff completely misses you. The hippogriff misses you.
The hippogriff closely misses you.
Unknown command.
You scratch the hippogriff.
The hippogriff is severely wounded.
The hippogriff burns!
The hippogriff barely misses you. The hippogriff pecks you!
* * * LOW HITPOINT WARNING * * *
The hippogriff misses you.
Unknown command.
You scratch the hippogriff.
The hippogriff is almost dead.
The hippogriff burns!
The hippogriff bites you.
You die...

#.## #..#......#####......#....
##.##.##..#......# #......#....
...##............#####......#....
.............................>...
.<........#.###.########.####....
###.#.......# #.# ####'####...#
....#..#....##### ............#
.............#######.............
..............S§@H...........?###
...###.........#####..........# #
##.# ###.###.#.# .#####....###
...## #. ...#.# .# #....... ....#
#.#####.# .# #....#.# ...#.. #.#
.# #....#.# <..#.###.....#.# .+
#....#.# ...... ......#.#
.#####....#)# ....# #......
#.###...#)#


You could see a hippogriff (burning) and an adder.

Vanquished Creatures
  Duvessa (D:7)
  A sky beast (D:4)
  An ice beast (D:7)
  An ogre (D:5)
  A porcupine (D:4)
  A phantom (D:4)
  2 centaurs
  3 giant frogs
  A scorpion (D:6)
  A wyvern skeleton (D:7)
  A killer bee (D:7)
  3 centaur zombies
  2 orc priests (D:7)
  8 orc wizards
  Crazy Yiuf (D:4)
  2 hounds
  A jelly (D:6)
  A centaur skeleton (D:7)
  A giant frog skeleton (D:5)
  6 worker ants
  3 big kobold zombies (Ossuary)
  2 mummies (Ossuary)
  A hound skeleton (D:4)
  10 adders
  2 adder zombies (Ossuary)
  4 oozes
  An adder skeleton (D:6)
  3 worms
  4 giant geckos
  22 orcs
  6 bat skeletons
  2 giant cockroaches (D:3)
  14 hobgoblins
  5 jackals
  7 bats
  6 giant newts
  14 goblins
  A goblin zombie (Ossuary)
  12 hobgoblin zombies (Ossuary)
  2 jackal zombies (Ossuary)
  11 kobolds
  6 kobold zombies (Ossuary)
  8 orc zombies (Ossuary)
  2 quokkas (D:2)
  2 quokka skeletons
  12 rats
  2 rat zombies (Ossuary)
203 creatures vanquished.

Notes
Turn   | Place    | Note
--------------------------------------------------------------
     0 | D:1      | inmateoo the Felid Fire Elementalist began the quest for the Orb.
     0 | D:1      | Reached XP level 1. HP: 7/7 MP: 4/4
   110 | D:1      | Reached skill level 1 in Conjurations
   113 | D:1      | Reached skill level 3 in Dodging
   255 | D:1      | Reached XP level 2. HP: 11/11 MP: 3/6
   801 | D:2      | Reached XP level 3. HP: 15/15 MP: 0/7
  1215 | D:2      | Reached XP level 4. HP: 18/18 MP: 2/8
  1414 | D:3      | Learned a level 2 spell: Throw Flame
  1418 | D:3      | Learned a level 3 spell: Conjure Flame
  1478 | D:3      | Reached skill level 1 in Fighting
  1676 | D:3      | Reached skill level 1 in Unarmed Combat
  1930 | D:4      | Noticed a centaur
  1934 | D:4      | Learned a level 1 spell: Beastly Appendage
  1946 | D:4      | Killed a centaur
  1946 | D:4      | Reached skill level 1 in Transmutations
  1946 | D:4      | Reached XP level 5. HP: 22/22 MP: 5/9
  2252 | D:4      | Reached skill level 4 in Stealth
  2308 | D:4      | Noticed Sigmund
  2310 | D:4      | Noticed Eustachio
  2312 | D:4      | Noticed a phantom
  2326 | D:4      | Noticed Sigmund
  2326 | D:4      | Sigmund changed into Sigmund the porcupine
  2331 | D:4      | Killed Sigmund the porcupine
  2331 | D:4      | Gained mutation: You are covered in thick fur (AC +2). [Felid growth]
  2331 | D:4      | Reached XP level 6. HP: 26/26 MP: 1/10
  2419 | D:4      | Killed a phantom
  2691 | D:4      | Noticed Crazy Yiuf
  2702 | D:4      | Killed Crazy Yiuf
  2950 | D:4      | Noticed Eustachio
  2950 | D:4      | Eustachio changed into Eustachio the sky beast
  3155 | D:4      | Killed Eustachio the sky beast
  3155 | D:4      | Reached XP level 7. HP: 30/30 MP: 1/12
  3611 | D:5      | Entered Level 5 of the Dungeon
  3771 | D:4      | Slain by an orc wizard
  3772 | D:4      | Reached XP level 6. HP: 0/27 MP: 0/11
  3797 | D:4      | Reached skill level 5 in Stealth
  4144 | D:5      | Found a staircase to the Ecumenical Temple.
  4150 | Temple   | Entered the Ecumenical Temple
  4171 | Temple   | Became a worshipper of Makhleb the Destroyer
  4310 | D:5      | Reached skill level 5 in Dodging
  4310 | D:5      | Reached XP level 7. HP: 18/30 MP: 10/12
  4442 | D:5      | Found a white marble altar of Elyvilon.
  4445 | D:5      | Found a sacrificial altar of Ru.
  4447 | D:5      | Found a bloodstained altar of Trog.
  4449 | D:5      | Found a glowing golden altar of the Shining One.
  4450 | D:5      | Found an opulent altar of Gozag.
  4451 | D:5      | Found a shadowy altar of Dithmenos.
  4452 | D:5      | Found a shimmering altar of Xom.
  4850 | D:6      | Killed from afar by an orc wizard
  4851 | D:6      | Reached XP level 6. HP: -5/27 MP: 1/11
  5199 | D:6      | Acquired Makhleb's first power
  5251 | D:6      | Reached skill level 5 in Fire Magic
  5334 | D:6      | Reached XP level 7. HP: 31/31 MP: 10/12
  5555 | D:6      | Gained mutation: You are robust (+10% HP). [potion of beneficial mutation]
  5804 | D:7      | Noticed Duvessa
  5807 | D:7      | Noticed Dowan
  5815 | D:7      | Killed Duvessa
  5826 | D:7      | Noticed Dowan
  5826 | D:7      | Dowan changed into Dowan the killer bee
  5833 | D:7      | Killed Dowan the killer bee
  6035 | D:7      | Found a sand-covered staircase.
  6040 | Ossuary  | Entered an ossuary
  6095 | Ossuary  | Acquired Makhleb's second power
  6490 | Ossuary  | Reached XP level 8. HP: 28/37 MP: 0/14
  7314 | D:7      | Reached skill level 6 in Stealth
  7318 | D:7      | Acquired Makhleb's third power
  7910 | D:7      | Reached skill level 5 in Transmutations
  7952 | D:7      | Learned a level 4 spell: Sticky Flame
  7961 | D:7      | HP: 1/37 [hippogriff (8)]
  7962 | D:7      | Slain by a hippogriff

Vault maps used:
D:1:      scummos_arrival_simple_fountains
D:3:      lemuel_upstairs_altar, first_bread
D:4:      uniq_crazy_yiuf_cottage, uniq_eustachio, uniq_sigmund
D:5:      minitemple
D:6:      hangedman_cross_stitches
D:7:      enter_ossuary_5, the_bakery, hangedman_decor_push, uniq_duvessa
Temple:   zaba_magenta_temple_12
Ossuary:  ossuary_tomb_1

Action                   |  1- 3 |  4- 6 |  7- 9 || total
-------------------------+-------+-------+-------++-------
Melee: Unarmed           |    20 |    63 |   256 ||   339
 Cast: Flame Tongue      |    70 |   131 |   195 ||   396
       Conjure Flame     |       |     7 |    13 ||    20
       Beastly Appendage |       |     3 |     5 ||     8
       Throw Flame       |       |       |     9 ||     9
       Sticky Flame      |       |       |     1 ||     1
Evoke: Wand              |       |     7 |     9 ||    16
  Use: Scroll            |       |    11 |     2 ||    13
       Potion            |       |     5 |     3 ||     8
 Stab: Sleeping          |     1 |     4 |    11 ||    16
  Eat: Chunk             |     2 |     5 |    21 ||    28
